 Dungeon Crawl Stone Soup version 0.28.0-53-g5a82cb258f (webtiles) character file.

Game seed: 9462488001729270322

11 melloss the Sneak (level 2, 0/13 HPs)
             Began as a Spriggan Enchanter on June 8, 2022.
             Killed from afar by a dart slug (2 damage)
             ... with a slug dart
             ... on level 1 of the Dungeon.
             The game lasted 00:02:32 (518 turns).

melloss the Sneak (Spriggan Enchanter)               Turns: 518, Time: 00:02:32

Health: 0/13       AC:  2    Str:  4    XL:     2   Next: 17%
Magic:  2/6        EV: 17    Int: 16    God:
Gold:   13         SH:  0    Dex: 15    Spells: 4/6 levels left

rFire   . . .      SeeInvis +   a - +1 dagger
rCold   . . .      Faith    .   (no shield)
rNeg    . . .      Spirit   .   b - +0 robe
rPois   .          Reflect  .   (helmet restricted)
rElec   .          Harm     .   (no cloak)
rCorr   .          Rampage  .   (gloves unavailable)
Will    .....                   (boots unavailable)
Stlth   +++.......              (no amulet)
HPRegen 0.04/turn               (no ring)
MPRegen 0.10/turn               (no ring)

@: very quick
A: very small, no large weapons, unfitting armour, see invisible, speed 3
a: no special abilities


You were on level 1 of the Dungeon.
You visited 1 branch of the dungeon, and saw 1 of its levels.

You collected 13 gold pieces.

Inventory:

Hand Weapons
 a - a +1 dagger (weapon)
 h - a +0 whip of electrocution
Missiles
 d - 28 stones (quivered)
 e - 25 sling bullets
Armour
 b - a +0 robe (worn)
Potions
 c - a potion of invisibility
 f - a potion of curing {unknown}
 g - a potion of flight {unknown}


   Skills:
 - Level 1.1 Short Blades
 + Level 3.3 Dodging
 + Level 5.0 Stealth
 - Level 2.6 Spellcasting
 - Level 3.6 Hexes


You had 4 spell levels left.
You knew the following spells:

 Your Spells              Type           Power      Damage    Failure   Level
a - Ensorcelled Hibernat  Hex/Ice        14%        N/A       14%         2

Your spell library contained the following spells:

 Spells                   Type           Power      Damage    Failure   Level
 Confusing Touch          Hex            13%        N/A       13%         3
 Tukima's Dance           Hex            13%        N/A       13%         3
 Dazzling Flash           Conj/Hex       14%        N/A       28%         3


Dungeon Overview and Level Annotations

Branches:
Dungeon (1/15)

Altars:

Shops:
D:1 **(?


Innate Abilities, Weirdness & Mutations

You are very small and have problems with some larger weapons.
You are too small for most types of armour.
You have supernaturally acute eyesight. (SInv)
You cover ground extremely quickly. (Speed+++)


Message History

You impale the ball python!!
You kill the ball python!
Magic restored.
Found a flail.
Found Bilofax's General Store.
There is an entrance to Bilofax's General Store here.
A dart slug comes into view.
The dart slug moves out of view.
A kobold comes into view.
It is wielding a +0 whip of electrocution.
Found a long runed staff.
The kobold shouts!
You closely miss the kobold.
The kobold hits you with a +0 whip of electrocution.
You hit the kobold but do no damage. The kobold completely misses you.
You hit the kobold but do no damage. The kobold hits you but does no damage.
The dart slug launches a dart at you. The slug dart hits you.
Casting: Ensorcelled Hibernation (safe; 14% risk of failure)
Confirm with . or Enter, or press ? or * to list all spells.
Aiming: Ensorcelled Hibernation (safe; 14% risk of failure)
Press: ? - help, Shift-Dir - straight line, f - kobold
Aim: a kobold, wielding a +0 whip of electrocution and quivering stones (chance to affect: 58%)
The kobold resists with significant effort.
The kobold hits you with a +0 whip of electrocution.
* * * LOW HITPOINT WARNING * * *
Casting: Ensorcelled Hibernation (safe; 14% risk of failure)
Confirm with . or Enter, or press ? or * to list all spells.
Aiming: Ensorcelled Hibernation (safe; 14% risk of failure)
Press: ? - help, Shift-Dir - straight line, f/p - kobold
Aim: a kobold, wielding a +0 whip of electrocution and quivering stones (chance to affect: 58%)
The kobold looks drowsy...
The helpless kobold fails to defend itself.
You impale the kobold!!
You kill the kobold!
Things that are here:
a +0 whip of electrocution; 4 stones; a kobold corpse
h - a +0 whip of electrocution The dart slug launches a dart at you.
The slug dart hits you.
You die...

######### ## ........####...
..# #|..w.....# #.# # ##.##
#.# #.#..K## #.# #......# #.#
##......##############.####
...........(w...@...∩....)..#
####.#...###############.##.#
#.##.## #.##.# .. #.# #.##.#
## #.# #######.##.#### #.#
..............#
#######.......# ####.##.#
#.##.##


You could see a dart slug.

Vanquished Creatures
  2 ball pythons (D:1)
  A giant cockroach (D:1)
  4 kobolds (D:1)
  2 goblins (D:1)
  3 rats (D:1)
12 creatures vanquished.

Notes
Turn   | Place    | Note
-------+----------+-------------------------------------------
     0 | D:1      | melloss the Spriggan Enchanter began the quest for the Orb.
     0 | D:1      | Reached XP level 1. HP: 9/9 MP: 5/5
   190 | D:1      | Found a faded altar of an unknown god.
   257 | D:1      | Found Voshre Hoss's General Store.
   299 | D:1      | Reached XP level 2. HP: 13/13 MP: 6/6
   302 | D:1      | Learned a level 2 spell: Ensorcelled Hibernation
   307 | D:1      | Found Poizin's Weapon Shop.
   315 | D:1      | Reached skill level 5 in Stealth
   324 | D:1      | Found Vommel's Magic Scroll Shoppe.
   476 | D:1      | Found Bilofax's General Store.
   518 | D:1      | Killed from afar by a dart slug

Illustrated notes

Levels and vault maps discovered:
D:1:      dpeg_arrival_chambers_temple_mockup, layout_loops_ring,
          basic_ecumenical_altar, serial_shops, nicolae_shop_behind_doors,
          nicolae_shop_statue_plus, shop, shop, nicolae_lakefront_shop

Skill      XL: |  1  2 |
---------------+-------+-----
Dodging        | 3 |  3.3
Stealth        | 5 |  5.0
Short Blades   | |  1.1
Spellcasting   | |  2.6
Hexes          | |  3.6

Action                   || total
-------------------------++-------
Melee: Dagger            ||    18
 Cast: Ensorcelled Hiber ||     4
 Stab: Sleeping          ||    10
Armor: Robe              ||     1
Dodge: Dodged            ||     6
